 Dungeon Crawl Stone Soup version 0.32-a0-913-g739538afd8 (webtiles) character file.

Game seed: 11833112284282498376

217 ParallaxScroll the Trooper (level 5, 0/48 HPs)
             Began as a Mountain Dwarf Fighter on Apr 7, 2024.
             Was an Initiate of Okawaru.
             Slain by a gnoll
             ... wielding a +2 whip of electrocution
              (17 damage)
             ... on level 4 of the Dungeon.
             The game lasted 00:10:07 (2741 turns).

ParallaxScroll the Trooper (Mountain Dwarf Fighter) Turns: 2741, Time: 00:10:07

Health: 0/48       AC: 10    Str: 21    XL:     5   Next: 62%
Magic:  6/6        EV:  3    Int:  8    God:    Okawaru [......]
Gold:   165        SH:  0    Dex:  9    Spells: 4/4 levels left

rFire   + . .        a - +0 war axe
rCold   . . .        m - +0 buckler
rNeg    . . .        r - +0 chain mail
rPois   .            p - +0 helmet
rElec   .            (no cloak)
rCorr   .            (no gloves)
SInv    .            (no boots)
Will    .....        (no amulet) Stlth
                     j - ring of protection from fire
HPRegen 0.28/turn    (no ring)
MPRegen 0.10/turn

%: no passive effects
@: mighty, about to teleport, held
A: runic magic, artefact enchanting
a: Renounce Religion


You were on level 4 of the Dungeon.
You worshipped Okawaru.
Okawaru was noncommittal.
You visited 1 branch of the dungeon, and saw 4 of its levels.

You collected 165 gold pieces.

Inventory:

Hand Weapons
 a - a +0 war axe (weapon)
 b - a +1 sling of freezing
 c - a +0 mace of holy wrath
Missiles
 l - 17 stones (quivered)
 q - 6 poisoned darts
Armour
 m - a +0 buckler (worn)
 p - a +0 helmet (worn)
 r - a +0 chain mail (worn)
Jewellery
 j - a ring of protection from fire (left hand)
Scrolls
 e - a scroll of brand weapon
 f - a scroll of teleportation
 i - a scroll of blinking
 n - a scroll of immolation {unknown}
Potions
 g - 2 potions of curing
 h - a potion of attraction
 o - a potion of haste


   Skills:
 - Level 5.0 Fighting
 + Level 4.7 Axes
 - Level 1.0 Ranged Weapons
 - Level 3.2 Armour
 - Level 1.0 Dodging
 - Level 3.2 Shields
 - Level 2.0 Invocations


You had 4 spell levels left.
You didn't know any spells.
Your spell library was empty.

Dungeon Overview and Level Annotations

Branches:
Dungeon (4/15)
 Temple: D:4-7

Altars:
Ashenzari
Okawaru
Yredelemnul


Innate Abilities, Weirdness & Mutations

Your spellcasting is much less encumbered by armour.
You can use scrolls of enchantment on lesser artefacts.


Message History

You hit the hound but do no damage.
The hound is severely wounded.
You block the hound's attack. The hound bites you.
You barely miss the hound.
The hound is severely wounded.
The hound bites you.
* * * LOW HITPOINT WARNING * * *
A gnoll comes into view.
It is wielding a +2 whip of electrocution and quivering a throwing net.
The hound bites you but does no damage.
You feel very mighty all of a sudden.
The gnoll shouts!
You hear a shout!
The hound bites you but does no damage.
A goblin comes into view. It is wielding a +0 dagger.
The goblin shouts!
You closely miss the hound.
The hound is severely wounded.
The hound closely misses you. The hound bites you but does no damage.
You barely miss the hound.
The hound is severely wounded.
You hit the gnoll.
The hound bites you but does no damage. x2
A gnoll comes into view. It is wielding a +0 club.
The gnoll hits you but does no damage. The hound bites you.
* * * LOW HITPOINT WARNING * * *
You slash the hound!
You kill the hound!
Okawaru accepts your kill.
You closely miss the gnoll.
A gnoll comes into view. It is wielding a +0 club.
The gnoll hits you with a +0 club.
* * * LOW HITPOINT WARNING * * *
It was a potion of curing.
You feel better.
The gnoll throws a throwing net.
The throwing net hits you.
You become entangled in the net!
The gnoll hits you with a +0 club.
As you read the scroll of teleportation, it crumbles to dust.
You feel strangely unstable. The gnoll hits you but does no damage.
You struggle against the net.
The gnoll hits you but does no damage. The gnoll barely misses you.
You struggle against the net.
The gnoll hits you but does no damage.
You are electrocuted!
You die...

###### #######
....[######.......
##........ยง..#
#.#.######.......
#.#.# #.<##### #
#.#.#
####..#######.#
#.#..
.....s.ggg....###
.....
..#...##g@.......
#.####
#....##########
##.# #.#.. # .. #
#. # . # # #


You could see a scorpion, 3 gnolls and a goblin.

Vanquished Creatures
  A phantom (D:4)
  A hound (D:4)
  An orc wizard (D:3)
  An adder (D:3)
  A ribbon worm (D:2)
  4 orcs (D:3)
  7 bats
  8 endoplasms
  8 giant cockroaches
  4 goblins
  6 hobgoblins
  3 jackals (D:2)
  4 quokkas
  7 ball pythons
  4 frilled lizards
  6 kobolds
  4 rats (D:1)
70 creatures vanquished.

Notes
Turn   | Place    | Note
-------+----------+-------------------------------------------
     0 | D:1      | ParallaxScroll the Mountain Dwarf Fighter began the quest
                  | for the Orb.
     0 | D:1      | Reached XP level 1. HP: 19/19 MP: 1/1
   171 | D:1      | Reached XP level 2. HP: 26/26 MP: 2/2
   682 | D:1      | Reached XP level 3. HP: 33/33 MP: 3/3
  1016 | D:2      | Reached skill level 4 in Fighting
  1713 | D:3      | Reached skill level 1 in Dodging
  1773 | D:3      | Reached XP level 4. HP: 22/41 MP: 4/4
  2150 | D:3      | Found a basalt altar of Yredelemnul.
  2490 | D:3      | Reached skill level 5 in Fighting
  2583 | D:4      | Found a broken altar of Ashenzari.
  2592 | D:4      | Found an iron altar of Okawaru.
  2603 | D:4      | Became a worshipper of Warmaster Okawaru
  2707 | D:4      | Noticed a phantom
  2722 | D:4      | Noticed a scorpion
  2723 | D:4      | Killed a phantom
  2724 | D:4      | Reached skill level 1 in Ranged Weapons
  2724 | D:4      | Reached XP level 5. HP: 23/48 MP: 4/6
  2741 | D:4      | Slain by a gnoll

Illustrated notes

Levels and vault maps discovered:
D:1:      amcnicky_arrival_abandoned_market, layout_loops_ring
D:2:      layout_basic
D:3:      layout_basic, mainiacjoe_overflow_catwalk
D:4:      layout_loops_ring, mainiacjoe_overflow_large_starburst,
          minmay_temple_entry_arrows, dk_noncrumbling_3

Skill      XL: |  1  2  3  4 |
---------------+-------------+-----
Axes           | 3 4 |  4.7
Fighting       | 4 5 |  5.0
Dodging        | 1 |  1.0
Ranged Weapons | 1 |  1.0
Invocations    | 2 |  2.0
Armour         | |  3.2
Shields        | |  3.2

Action                     |  1- 3 |  4- 6 || total
---------------------------+-------+-------++-------
  Melee: War axe           |   112 |    52 ||   164
   Fire: Sling             |    47 |    26 ||    73
    Use: Scroll            |     5 |     1 ||     6
         Potion            |       |     2 ||     2
 Armour: Scale mail        |    96 |    19 ||   115
         Chain mail        |       |    39 ||    39
  Dodge: Dodged            |    37 |    27 ||    64
  Block: Buckler           |    19 |     9 ||    28

Table legend: (Time is in decaauts)
 A = Elapsed time spent in this place.
 B = Non-inter-level travel time spent in this place.
 C = Inter-level travel time spent in this place.
 D = Time resting spent in this place.
 E = Time spent auto-exploring this place.
 F = Levels seen in this place.
 G = Mean time per level.
                   A        B        C        D        E       F      G
               +--------+--------+--------+--------+--------+-----+--------+
         Total |   2812 |   2734 |     78 |    197 |   1968 |   4 |  703.0 |
       Dungeon |   2812 |   2734 |     78 |    197 |   1968 |   4 |  703.0 |
               +--------+--------+--------+--------+--------+-----+--------+

Top non-repeatable levels by time:
     D:3: 908 daAuts
     D:1: 887 daAuts
     D:2: 845 daAuts
     D:4: 170 daAuts
